 Dungeon Crawl Stone Soup version 0.28.0-53-g5a82cb258f (webtiles) character file.

Game seed: 11262359786080492261

661 issech the Skirmisher (level 7, -26/61 HPs)
             Began as a Minotaur Monk on May 31, 2022.
             Killed from afar by Pikel (36 damage)
             ... with a bolt of acid
             ... on level 4 of the Dungeon.
             The game lasted 00:07:49 (3129 turns).

issech the Skirmisher (Minotaur Monk)               Turns: 3129, Time: 00:07:50

Health: -26/61     AC:  0    Str: 15    XL:     7   Next: 30%
Magic:  6/6        EV: 13    Int:  7    God:
Gold:   159        SH:  0    Dex: 21    Spells: 6/6 levels left

rFire   x . .      SeeInvis .   s - +2 whip (venom)
rCold   + . .      Faith    .   (no shield)
rNeg    . . .      Spirit   .   v - +2 ring mail {rPois}
rPois   +          Reflect  .   (helmet restricted)
rElec   .          Harm     .   t - +0 cloak
rCorr   .          Rampage  .   (no gloves)
Will    .....                   (no boots)
Stlth   ++........              (no amulet)
HPRegen 0.20/turn               e - +6 ring of dexterity
MPRegen 0.10/turn               u - ring of ice

@: corroded
A: horns 2, retaliatory headbutt
a: no special abilities


You were on level 4 of the Dungeon.
You visited 1 branch of the dungeon, and saw 4 of its levels.

You collected 159 gold pieces.

Inventory:

Hand Weapons
 a - a +0 hand axe
 m - a +0 spear
 s - a +2 whip of venom (weapon)
 w - a +2 dagger of venom
Missiles
 f - 89 sling bullets
 i - 123 stones (quivered)
 l - 2 poisoned darts
 x - 6 javelins
 z - 37 arrows
 C - 27 bolts
Armour
 b - a +0 robe
 g - a +0 scale mail
 o - a +2 robe of willpower
 t - a +0 cloak (worn)
 v - a +2 ring mail of poison resistance (worn)
Magical Staves
 n - a staff of cold
 y - a staff of cold
 B - a staff of air
Jewellery
 e - a +6 ring of dexterity (left hand)
 u - a ring of ice (right hand)
Wands
 G - a wand of polymorph (10)
Scrolls
 d - a scroll of torment {unknown}
 j - 5 scrolls of identify {unknown}
 k - a scroll of immolation {unknown}
 p - a scroll of silence {unknown}
 r - a scroll of brand weapon {unknown}
 A - a scroll of teleportation {unknown}
 D - a scroll of noise {unknown}
Potions
 c - 2 potions of mutation {unknown}
 h - 2 potions of brilliance {unknown}
 q - 2 potions of might {unknown}
 E - a potion of lignification {unknown}
 F - a potion of heal wounds {unknown}


   Skills:
 + Level 5.3 Fighting
 + Level 5.1(6.1) Axes
 + Level 5.1(6.1) Maces & Flails
 + Level 3.6 Armour
 + Level 4.5 Dodging
 + Level 2.4 Stealth


You had 6 spell levels left.
You didn't know any spells.
Your spell library was empty.

Dungeon Overview and Level Annotations

Branches:
Dungeon (4/15)
 Temple: D:4-7

Altars:

Annotations:
D:4 Pikel


Innate Abilities, Weirdness & Mutations

You have a pair of horns on your head.
You reflexively headbutt those who attack you in melee.


Message History

You hit the hobgoblin.
You kill the hobgoblin!
f - 89 sling bullets (gained 18)
A lemure comes into view. 2 orcs come into view.
An adder skeleton comes into view.
Pikel and 3 lemures come into view.
Pikel is wielding a +0 whip of electrocution and carrying a wand of acid (10).
The lemure shouts! x2; You hear a shout!
An orc comes into view. It is wielding a +0 dagger.
An orc comes into view. It is wielding a +0 club.
A howler monkey skeleton comes into view.
The lemure shouts!
You barely miss Pikel.
The lemure shouts!
You hit Pikel.
Pikel is poisoned.
You headbutt Pikel, but do no damage.
Pikel is lightly wounded.
Pikel closely misses you.
You miss Pikel.
Pikel is lightly wounded.
Pikel zaps a wand.
The bolt of acid hits you! The acid corrodes you!
You closely miss Pikel.
Pikel is lightly wounded.
An orc priest comes into view. It is wielding a +0 hand axe.
You hit Pikel. You headbutt Pikel, but do no damage.
Pikel is moderately wounded.
Pikel completely misses you. You furiously retaliate!
You headbutt Pikel. You hit Pikel but do no damage.
Pikel looks as sick as possible!
Pikel is moderately wounded.
Pikel closely misses you. You furiously retaliate!
You headbutt Pikel, but do no damage. You closely miss Pikel.
You headbutt Pikel, but do no damage.
Pikel is moderately wounded.
Pikel hits you with a +0 whip of electrocution!
You are electrocuted!
Pikel zaps a wand.
The bolt of acid hits you!!
* * * LOW HITPOINT WARNING * * *
The acid corrodes you!
Pikel zaps a wand.
The bolt of acid hits you!!!
Ouch! That really hurt!
You die...

#Z.# #o5# ##.## .#
#o.#####...# #.#
#55......... ..#
#o######...# #.# #o#
#.# ##.## #.#
#.###...#####
#.########............
#o5o.K..@.........#
#############.....#
##...## ##.## #.# #.#
#####.#########
#..............
#.#############


You could see Pikel (very poisoned), a lemure and 2 orcs.

Vanquished Creatures
  Grinder (D:4)
  An ogre (D:4)
  A necrophage (D:3)
  A scorpion (D:4)
  An iguana (D:4)
  Natasha (thrice) (D:4)
  3 gnolls (D:4)
  2 adders
  An ufetubus (D:4)
  3 worms
  2 dart slugs
  3 orcs
  9 endoplasms
  3 giant cockroaches
  7 goblins
  8 hobgoblins
  6 jackals (D:1)
  4 quokkas
  10 ball pythons
  4 bats
  2 frilled lizards
  9 kobolds
  3 rats (D:1)
87 creatures vanquished.

Notes
Turn   | Place    | Note
-------+----------+-------------------------------------------
     0 | D:1      | issech the Minotaur Monk began the quest for the Orb.
     0 | D:1      | Reached XP level 1. HP: 19/19 MP: 0/0
   214 | D:1      | Reached XP level 2. HP: 27/27 MP: 1/1
   470 | D:1      | Reached XP level 3. HP: 12/33 MP: 2/2
  1147 | D:2      | Found a faded altar of an unknown god.
  1517 | D:3      | Reached XP level 4. HP: 38/41 MP: 3/3
  1994 | D:3      | Noticed a necrophage
  2003 | D:3      | Killed a necrophage
  2004 | D:3      | Reached skill level 1 in Maces & Flails
  2004 | D:3      | Reached skill level 1 in Armour
  2004 | D:3      | Reached XP level 5. HP: 40/47 MP: 4/4
  2124 | D:3      | Reached skill level 5 in Axes
  2431 | D:4      | Reached XP level 6. HP: 47/53 MP: 5/5
  2505 | D:4      | Noticed Grinder
  2528 | D:4      | Killed Grinder
  2529 | D:4      | Reached skill level 5 in Fighting
  2677 | D:4      | Noticed Natasha
  2691 | D:4      | Reached XP level 7. HP: 35/61 MP: 6/6
  2728 | D:4      | Killed Natasha
  2791 | D:4      | Noticed Natasha
  2799 | D:4      | Killed Natasha
  2800 | D:4      | Reached skill level 5 in Maces & Flails
  3031 | D:4      | Noticed Natasha
  3039 | D:4      | Killed Natasha
  3091 | D:4      | Noticed Pikel
  3129 | D:4      | Killed from afar by Pikel

Illustrated notes

Levels and vault maps discovered:
D:1:      saegor_arrival_simple_e, layout_loops_ring
D:2:      layout_rooms, ebering_ecumenical_altar_ruins
D:3:      layout_rooms
D:4:      layout_loops_ring, minmay_temple_entry_poolview, uniq_pikel,
          uniq_grinder, uniq_natasha

Skill      XL: |  1  2  3  4  5  6  7 |
---------------+----------------------+-----
Fighting       | 4 5 |  5.3
Axes           | 4 5 |  5.1
Dodging        | 4 |  4.5
Stealth        | 2 |  2.4
Maces & Flails | 1 2 4 5 |  5.1
Armour         | 1 2 3 |  3.6

Action                   |  1- 3 |  4- 6 |  7- 9 || total
-------------------------+-------+-------+-------++-------
Melee: Hand axe          |    98 |     3 |       ||   101
       Headbutt          |    20 |    18 |     7 ||    45
       Punch             |     1 |       |       ||     1
       Whip              |       |    88 |    27 ||   115
Throw: Stone             |       |     1 |       ||     1
 Stab: Sleeping          |     3 |     1 |     1 ||     5
Armor: Robe              |     2 |       |       ||     2
       Scale mail        |    36 |    10 |       ||    46
       Ring mail         |       |    18 |     2 ||    20
Dodge: Dodged            |    70 |    41 |    15 ||   126
